 Dungeon Crawl Stone Soup version 0.20.0-10-g0535bb4 (webtiles) character file.

88 Azzok the Cudgeler (level 4, -3/28 HPs)
             Began as a Gargoyle Fighter on June 7, 2017.
             Killed from afar by Sigmund (9 damage)
             ... with a puff of flame
             ... on level 2 of the Dungeon.
             The game lasted 00:02:37 (1321 turns).

Azzok the Cudgeler (Gargoyle Fighter)               Turns: 1321, Time: 00:02:38

Health: -3/28      AC: 10    Str: 26    XL:     4   Next: 53%
Magic:  4/4        EV:  7    Int:  8    God:
Gold:   132        SH:  9    Dex:  9    Spells: 3/3 levels left

rFire    . . .     SeeInvis .   a - +0 flail
rCold    . . .     Gourm    .   c - +0 shield
rNeg     + . .     Faith    .   b - +0 scale mail
rPois    ∞         Spirit   .   (no helmet)
rElec    +         Reflect  .   (no cloak)
rCorr    .         Harm     .   (no gloves)
MR       .....                  (no boots)
Stlth    ..........             (no amulet)
Regen    0.1/turn               (no ring)
MPRegen  0.1/turn               (no ring)

@: mighty
A: negative energy resistance 1, electricity resistance, unbreathing,
petrification resistance, rot immunity, AC +3
a: no special abilities


You were on level 2 of the Dungeon.
You were not hungry.

You visited 1 branch of the dungeon, and saw 2 of its levels.

You collected 132 gold pieces.

Inventory:

Hand Weapons
 a - a +0 flail (weapon)
Armour
 b - a +0 scale mail (worn)
 c - a +0 shield (worn)
Scrolls
 e - 5 scrolls of teleportation {unknown}
 h - a scroll of magic mapping {unknown}
 k - a scroll of identify {unknown}
 l - 2 scrolls of remove curse {unknown}
 m - a scroll of fog {unknown}
 o - a scroll of amnesia {unknown}
 p - a scroll of fear {unknown}
Potions
 q - a potion of curing {unknown}
Books
 n - a book of Changes

   Spells                             Type                      Level
   a - Beastly Appendage              Transmutation                1
   b - Sticks to Snakes               Transmutation                2
   c - Spider Form                    Transmutation/Poison         3
   d - Ice Form                       Ice/Transmutation            4
   e - Blade Hands                    Transmutation                5
Comestibles
 f - 3 bread rations
 g - a chunk of flesh
 i - a royal jelly
 j - 2 meat rations


   Skills:
 - Level 3.2 Fighting
 * Level 4.6 Maces & Flails
 - Level 3.2 Armour
 - Level 3.2 Shields


You had 3 spell levels left.
You didn't know any spells.

Dungeon Overview and Level Annotations

Branches:
Dungeon (2/15)

Altars:

Annotations:
D:2 Sigmund


Innate Abilities, Weirdness & Mutations

You are resistant to torment.
Your stone body is resilient. (AC +3)
You are immune to poison.
You resist negative energy. (rN+)
You are resistant to electric shocks. (rElec)
You can survive without breathing.
You are immune to petrification.
You are immune to rotting.


Message History

Sigmund is heavily wounded.
Sigmund gestures wildly while chanting.
Sigmund flickers and vanishes!
Deactivating autopickup; reactivate with Ctrl-A.
You miss something.
You hear some strange, mumbled words.
A puff of flame appears from out of thin air!
The puff of flame misses you. Something hits you but does no damage.
You miss something. Something hits you.
Your shield and scale mail prevent you from hitting something.
Something hits you!
* * * LOW HITPOINT WARNING * * *
You block something's attack.
You closely miss something. Something hits you.
* * * LOW HITPOINT WARNING * * *
You miss something.
You hear some strange, mumbled words.
A puff of flame appears from out of thin air!
The puff of flame hits you!
You die...

)·····▒·▒▒▒·▒▒▒·▒···▒
▒▒▒·▒·▒▒▒
▒▒▒▒················▒
···
▒··▒·▒▒▒·▒▒▒·▒▒··▒
▒▒·▒▒
▒·)··············▒
▒·▒
▒·▒▒·▒▒▒·▒▒▒·▒▒·▒▒ ▒
▒ ▒·▒▒·▒ ▒·▒ ▒·▒
·▒▒▒▒ ▒·▒▒·▒ ▒·· ▒·▒
·>··· ▒·▒▒·▒
▒··▒▒▒▒▒·▒ ▒▒▒▒▒
▒·▒▒·▒ ▒····{@··▒ ▒▒
·▒▒·▒ ▒▒·▒▒▒▒▒†▒ ·▒
▒··· ▒·▒ ▒·▒ ·▒ ▒·▒
▒·▒ ▒·▒ ·▒ ▒·▒ ▒·▒▒▒
▒·▒ ·▒
▒·▒▒▒▒▒▒···▒▒▒·▒
·▒)▒▒·▒···▒·····▒▒·▒
·▒··············▒▒·▒
▒▒▒▒▒▒
·▒▒▒▒···········▒▒·▒
▒··(··


There were no monsters in sight!

Vanquished Creatures
  A gnoll (D:1)
  3 adders (D:2)
  An ooze (D:1)
  A leopard gecko (D:2)
  11 bats
  2 giant cockroaches (D:2)
  6 goblins
  6 hobgoblins
  4 frilled lizards
  5 kobolds
  6 rats
46 creatures vanquished.

Notes
Turn   | Place    | Note
-------+----------+-------------------------------------------
     0 | D:1      | Azzok the Gargoyle Fighter began the quest for the Orb.
     0 | D:1      | Reached XP level 1. HP: 14/14 MP: 1/1
   100 | D:1      | Reached XP level 2. HP: 19/19 MP: 2/2
   231 | D:1      | Reached skill level 3 in Maces & Flails
   361 | D:1      | Reached XP level 3. HP: 22/23 MP: 3/3
   869 | D:2      | Reached skill level 4 in Maces & Flails
   897 | D:2      | Reached XP level 4. HP: 26/28 MP: 4/4
  1306 | D:2      | Noticed Sigmund
  1321 | D:2      | Killed from afar by Sigmund

Skill      XL: |  1  2  3 |
---------------+----------+-----
Maces & Flails | 3 4 |  4.6
Fighting       | |  3.2
Armour         | |  3.2
Shields        | |  3.2

Action                   |  1- 3 |  4- 6 || total
-------------------------+-------+-------++-------
Melee: Flail             |   123 |    74 ||   197
  Use: Potion            |       |     1 ||     1
  Eat: Chunk             |       |     2 ||     2
Armor: Scale mail        |    72 |    51 ||   123
Dodge: Dodged            |    45 |    16 ||    61
Block: Shield            |    72 |    39 ||   111
